 Dungeon Crawl Stone Soup version 0.32-a0-126-g9fbf7fb75a (webtiles) character file.

Game seed: 13222782779563364171

77577 Ge0ff the Cardsharp (level 15, -5/121 HPs)
             Began as a Mummy Artificer on Feb 6, 2024.
             Was a High Priest of Nemelex Xobeh.
             Killed from afar by a hell hog (25 damage)
             ... with a fireball
             ... on level 2 of the Abyss on Feb 7, 2024.
             The game lasted 00:48:48 (24975 turns).

Ge0ff the Cardsharp (Mummy Artificer)              Turns: 24975, Time: 00:48:48

Health: -5/121     AC: 27    Str: 26    XL:     15   Next: 15%
Magic:  18/25      EV: 11    Int:  6    God:    Nemelex Xobeh [*****.]
Gold:   1300       SH:  6    Dex: 17    Spells: 14/14 levels left

rFire   . . .        a - +10 whip "Quothrem" {elec, rElec rN+ Int-5 Dex+3}
rCold   + . .        u - +0 buckler
rNeg    + + +        z - +8 chain mail of Feextet {rPois Will+ Slay+2}
rPois   ∞            L - +2 helmet of Amelioration {rCorr Str+2 Int-2}
rElec   +            q - +0 cloak {rPois}
rCorr   +            t - +0 pair of gloves
SInv    +            Q - +2 pair of boots {Fly}
Will    ++...        p - amulet of Discord {RegenMP rF+ rN+ Str+3 Int+2} Stlth
                     N - ring of see invisible
HPRegen 0.40/turn    (no ring)
MPRegen 0.59/turn

%: faith
@: elixired, flying
A: cold resistance 1, negative energy resistance 3, torment resistance 2, heat
vulnerability 1, in touch with death 2, no potions, faith
a: Renounce Religion, Draw Escape, Draw Destruction, Draw Summoning, Draw Stack,
Triple Draw, Deal Four, Stack Five


You were on level 2 of the Abyss.
You worshipped Nemelex Xobeh.
Nemelex Xobeh was extremely pleased with you.
You visited 3 branches of the dungeon, and saw 21 of its levels.
You visited the Abyss 1 time.

You collected 1435 gold pieces.
You spent 135 gold pieces at shops.

Inventory:

Hand Weapons
 a - the +10 whip "Quothrem" (weapon) {elec, rElec rN+ Int-5 Dex+3}
   (You found it on level 2 of the Dungeon)

   Int-5:     It affects your intelligence (-5).
   Dex+3:     It affects your dexterity (+3).
   rElec:     It insulates you from electricity.
   rN+:       It protects you from negative energy.
 b - a +0 morningstar of protection
 o - a +5 demon trident
 s - a +0 double sword
 B - the +1 sling of Prudence {elec, rElec}
   (You found it on level 9 of the Dungeon)

   rElec:     It insulates you from electricity.
 M - the +8 trident of the Octopus King {venom, rElec rPois}
   (You found it on level 5 of the Dungeon)

   rElec:     It insulates you from electricity.
   rPois:     It protects you from poison
 R - a +3 dagger of chaos
Missiles
 g - 6 throwing nets {=F}
 n - 4 silver javelins
 v - 4 curare-tipped darts {=F}
 w - 19 poisoned darts
 A - 8 datura-tipped darts {=F}
 E - 112 stones (quivered)
 U - 8 boomerangs
 Y - 2 javelins
Armour
 q - a +0 cloak of poison resistance (worn)
 t - a +0 pair of gloves (worn)
 u - a +0 buckler (worn)
 x - an orb of mayhem
 z - the +8 chain mail of Feextet (worn) {rPois Will+ Slay+2}
   (You took it off an orc on level 5 of the Dungeon)

   Slay+2:    It affects your accuracy & damage with ranged weapons and melee
   (+2).
   rPois:     It protects you from poison Will+: It increases your willpower.
 D - a +0 kite shield
 L - the +2 helmet of Amelioration (worn) {rCorr Str+2 Int-2}
   (You found it on level 15 of the Dungeon)

   Str+2:     It affects your strength (+2).
   Int-2:     It affects your intelligence (-2).
   rCorr:     It protects you from acid and corrosion.
 O - the +4 ring mail "Sus Bin" {rCorr Dex+2}
   (You found it on level 6 of the Dungeon)

   Dex+2:     It affects your dexterity (+2).
   rCorr:     It protects you from acid and corrosion.
 Q - a +2 pair of boots of flying (worn)
 S - +0 gold dragon scales
Jewellery
 p - the amulet of Discord (around neck) {RegenMP rF+ rN+ Str+3 Int+2}
   (You found it on level 12 of the Dungeon)

   [amulet of magic regeneration]

   RegenMP:   It increases your rate of magic regeneration.
   Str+3:     It affects your strength (+3).
   Int+2:     It affects your intelligence (+2).
   rF+:       It protects you from fire.
   rN+:       It protects you from negative energy.
 N - a ring of see invisible (left hand)
Wands
 e - a wand of charming (6)
 f - a wand of flame (37)
 j - a wand of light (9)
 k - a wand of iceblast (12)
 P - a wand of polymorph (1)
Scrolls
 h - 3 scrolls of amnesia
 i - a scroll of identify
 m - 4 scrolls of revelation
 y - a scroll of immolation
 C - 2 scrolls of poison
 F - 5 scrolls of fog
 I - 3 scrolls of enchant armour
 J - a scroll of silence {!r}
 K - a scroll of torment {unknown}
 T - 5 scrolls of teleportation
 V - 3 scrolls of vulnerability
 X - a scroll of blinking {unknown}
 Z - 8 scrolls of enchant weapon


   Skills:
 * Level 12.3 Fighting
 + Level 12.5 Maces & Flails
 - Level 2.0 Throwing
 + Level 6.8 Armour
 - Level 5.0 Dodging
 - Level 1.5 Stealth
 - Level 5.0 Shields
 + Level 13.6 Invocations
 + Level 5.3 Evocations


You had 14 spell levels left.
You didn't know any spells.
Your spell library contained the following spells:

 Spells                   Type           Power      Damage    Failure   Level
 Summon Small Mammal      Summ           0%         N/A       95%         1
 Blink                    Tloc           0%         N/A       98%         2
 Ensorcelled Hibernation  Hex/Ice        0%         N/A       98%         2
 Lesser Beckoning         Tloc           0%         N/A       98%         2
 Mercury Vapours          Alch/Air       0%         N/A       98%         2
 Momentum Strike          Conj/Tloc      0%         3d8       98%         2
 Call Canine Familiar     Summ           0%         N/A       100%        3
 Dazzling Flash           Conj/Hex       0%         N/A       100%        3
 Fugue of the Fallen      Necr           0%         N/A       100%        3
 Gell's Gravitas          Tloc           0%         N/A       100%        3
 Mephitic Cloud           Conj/Alch/Air  0%         N/A       100%        3
 Sigil of Binding         Hex            0%         N/A       100%        3
 Teleport Other           Tloc           0%         N/A       100%        3
 Tukima's Dance           Hex            0%         N/A       100%        3
 Volatile Blastmotes      Fire/Tloc      0%         2d10      100%        3
 Anguish                  Hex/Necr       0%         N/A       100%        4
 Cause Fear               Hex            0%         N/A       100%        4
 Dimensional Bullseye     Hex/Tloc       0%         N/A       100%        4
 Iskenderun's Mystic Bla  Conj/Tloc      0%         2d3       100%        4
 Leda's Liquefaction      Alch/Erth      0%         N/A       100%        4
 Petrify                  Alch/Erth      0%         N/A       100%        4
 Summon Blazeheart Golem  Fire/Summ      0%         N/A       100%        4
 Fireball                 Conj/Fire      0%         3d3       100%        5
 Freezing Cloud           Conj/Ice/Air   0%         6-21      100%        5
 Irradiate                Conj/Alch      0%         3d11      100%        5
 Lee's Rapid Deconstruct  Erth           0%         3d4*      100%        5
 Bombard                  Conj/Erth      0%         9d1       100%        6
 Dispersal                Tloc           0%         N/A       100%        6
 Starburst                Conj/Fire      0%         6d3       100%        6
 Maxwell's Capacitive Co  Air            0%         ∞         100%        8
 Dragon's Call            Summ           0%         N/A       100%        9
 Sublimation of Blood     Necr           Unusable   N/A       N/A         2

Dungeon Overview and Level Annotations

Branches:
Dungeon (15/15) Zot: 23184  Temple (1/1) D:7 Zot: 5998    Lair (5/5) D:10 Zot: 23599
  Swamp (0/4) Lair:2        Snake (0/4) Lair:2        Slime (0/5) Lair:4
    Orc (0/2) D:11         Vaults (0/5) D:13         Depths (0/4) D:15

Altars:
Ashenzari
Cheibriados
Dithmenos
Fedhas
Gozag
Hepliaklqana
Kikubaaqudgha
Makhleb
Nemelex Xobeh
Okawaru
Qazlal
Ru
Sif Muna
Trog
Uskayaw
Vehumet
Wu Jian
Xom
Yredelemnul
Jiyva

Shops:
D:1 =   D:5 (   D:9 [   D:12 *   D:15 =

Annotations:
Lair:5 dig (gold)


Innate Abilities, Weirdness & Mutations

You are immune to poison.
Your flesh is cold resistant. (rC+)
You are immune to negative energy. (rN+++)
You are immune to unholy pain and torment.
You are vulnerable to heat. (rF-)
You are strongly in touch with the powers of death.
You do not drink.
You have a special connection with the divine. (Faith)


Message History

The hell hog bites you!
You closely miss the hell hog.
The hell hog is moderately wounded.
The hell hog breathes fire at you.
The fireball explodes!
The fireball engulfs you!!!
The fireball engulfs the hell hog.
The hell hog completely resists.
The fireball engulfs the hell hog.
The hell hog completely resists.
The hell hog breathes fire at you.
The fireball explodes!
The fireball engulfs you!
The fireball engulfs the hell hog.
The hell hog completely resists.
The fireball engulfs the hell hog.
The hell hog completely resists.
You whack the hell hog!
The hell hog is heavily wounded.
You block the hell hog's attack.
Use which ability? (? or * to list)
You draw a card...
You have drawn the Tomb.
Walls emerge from the floor!
The hell hog misses you. The hell hog breathes fire at you.
The fireball explodes!
The fireball engulfs the hell hog.
The hell hog completely resists.
The fireball engulfs the hell hog.
The hell hog completely resists.
The fireball engulfs you!
The fireball engulfs the hell hog.
The hell hog completely resists.
The hell hog barely misses you. The hell hog bites you.
* * * LOW HITPOINT WARNING * * *
Use which ability? (? or * to list)
You draw... (choose one card, ? for their descriptions)
a - the Tomb
b - the Cloud
c - the Tomb You have drawn the Tomb.
Nothing appears to happen.
You block the hell hog's attack. The hell hog barely misses you.
Use which ability? (? or * to list)
You deal a card...
You have dealt Velocity.
The hell hog seems to slow down.
You deal a card...
You have dealt Exile.
Nothing appears to happen.
You deal a card...
You have dealt the Elixir.
You begin rapidly regenerating health and magic.
You deal a card...
You have dealt Velocity.
The hell hog seems to slow down. x3
The hell hog breathes fire at you.
The fireball explodes!
The fireball engulfs you!!
* * * LOW HITPOINT WARNING * * *
The fireball engulfs the hell hog.
The hell hog completely resists.
The fireball engulfs the hell hog.
The hell hog completely resists.
The hell hog bites you but does no damage.
The hell hog breathes fire at you.
The fireball explodes!
The fireball engulfs the hell hog.
The hell hog completely resists.
The fireball engulfs the hell hog.
The hell hog completely resists.
The fireball engulfs you!!
You die...

# .# # ### .
#.## .. ###...
#..#... #
##...#.##
#..#.#..
#.#...#.#.###
#... .
#....hh###..##
#..#.
#h@#....#..).
†.##
######...#
#..>.. ## #.
## ..##.## #
..####. ## ##
##.#...# #
.... ..## # #
.... . # .#
..# .#. . ...
#. ....# #


You could see 3 hell hogs.

Vanquished Creatures
  The ghost of Kurok the Bludgeoner, a journeyman MiFi of Yredelemnul (D:14)
  An eleionoma (Lair:2)
  A fire dragon (Lair:5)
  A rakshasa (D:15)
  An ogre mage (D:15)
  2 boulder beetles
  2 catoblepae (Lair:5)
  2 hydras (Lair:4)
  3 centaur warriors
  2 two-headed ogres
  A death yak (Lair:4)
  A tengu warrior (D:14)
  3 occultists (D:15)
  A hell knight (D:15)
  Nergalle (D:11)
  A sixfirhy (Abyss:2)
  2 skysharks (Lair:5)
  A deep troll (Lair:4)
  A large abomination (Abyss:2)
  A swamp dragon (Lair:5)
  2 necromancers
  A tengu zombie (D:15)
  4 deep elf pyromancers
  An orc sorcerer (D:15)
  9 ugly things
  3 starcursed masses (Abyss:2)
  4 cyclopes
  A manticore (D:12)
  An orc knight (D:15)
  11 elephants
  4 meliai
  3 black mambas
  A torpor snail (Lair:1)
  A gargoyle (D:12)
  9 cane toads
  An unseen horror (D:13)
  3 rime drakes
  2 efreet (D:13)
  A kobold demonologist (Abyss:2)
  Maggie (D:9)
  3 yaktaurs (D:15)
  The ghost of Zigma the Insei, a novice OpMo (D:5)
  Psyche (D:8)
  A tengu conjurer (D:12)
  9 komodo dragons
  2 trolls
  3 polar bears
  Prince Ribbit (D:8)
  A hornet (shapeshifter) (D:15)
  3 raiju (Abyss:2)
  9 blink frogs
  2 spriggan zombies (D:15)
  A meliai zombie (D:15)
  7 dream sheep (Lair:5)
  A fire giant simulacrum (D:15)
  A slime creature (Lair:4)
  2 shadows
  2 wyverns
  A shapeshifter (Lair:5)
  A human (shapeshifter) (D:13)
  3 vampires
  A wraith (D:12)
  3 humans (D:8)
  41 yaks
  A spriggan simulacrum (D:15)
  9 basilisks
  6 steam dragons
  A glowing shapeshifter zombie (D:15)
  3 vampire mosquitoes (D:12)
  4 acid dragons
  5 nagas
  8 water moccasins
  4 hell hounds (D:15)
  A hornet zombie (D:15)
  4 orc warriors
  Duvessa (D:6)
  2 swamp drakes
  2 black bears
  2 sky beasts
  An ettin simulacrum (D:15)
  An ice beast (D:6)
  11 ogres
  12 wolves
  A crocodile (Lair:5)
  5 centaurs
  A phantom (D:5)
  2 kobold brigands (D:10)
  11 bullfrogs
  4 scorpions
  A hornet simulacrum (D:15)
  7 wights
  Dowan (D:6)
  14 killer bees
  A howler monkey (D:6)
  An electric eel (Lair:5)
  5 bombardier beetles
  A lava snake (Lair:5)
  11 orc priests
  4 hounds
  3 jellies
  3 sleepcaps
  3 gnoll boudas
  8 iguanas
  A boggart zombie (D:15)
  15 orc wizards
  16 gnolls
  7 adders
  A river rat (Lair:5)
  A white imp (D:7)
  2 ufetubi (D:7)
  7 dart slugs
  A ribbon worm (Lair:4)
  33 orcs
  5 endoplasms
  6 giant cockroaches
  5 goblins
  7 hobgoblins
  3 jackals (D:4)
  2 quokkas
  10 ball pythons
  4 bats
  14 kobolds
  4 rats
  A butterfly (Lair:1)
502 creatures vanquished.

Vanquished Creatures (collateral kills)
  Harold (D:11)
  A centaur warrior (D:14)
  3 tengu warriors (D:14)
  A deep troll (D:13)
  A cyclops (D:14)
  7 ugly things
  A rime drake (Lair:5)
  A komodo dragon (Lair:5)
  A yak (D:8)
  A basilisk (Lair:5)
  A steam dragon (Lair:5)
  A swamp drake (Lair:5)
  3 orc warriors
  5 centaurs (D:14)
  6 killer bees (D:9)
  An orc wizard (D:9)
  4 orcs
  A hobgoblin (D:4)
40 creatures vanquished.

Vanquished Creatures (others)
  An ogre mage (D:15)
  A shadow dragon simulacrum (D:15)
  A glowing shapeshifter zombie (D:15)
  A gnoll (D:4)
4 creatures vanquished.

Grand Total: 546 creatures vanquished

Notes
Turn   | Place    | Note
-------+----------+-------------------------------------------
     0 | D:1      | Ge0ff the Mummy Artificer began the quest for the Orb.
     0 | D:1      | Reached XP level 1. HP: 15/15 MP: 1/1
    26 | D:1      | Found Guthatel's Jewellery Shop.
   168 | D:1      | Reached skill level 1 in Stealth
   170 | D:1      | Found a faded altar of an unknown god.
   366 | D:1      | Reached XP level 2. HP: 17/21 MP: 2/2
  1427 | D:2      | Reached XP level 3. HP: 8/27 MP: 3/3
  1514 | D:2      | Identified the +10 whip "Quothrem" {elec, rElec rN+ Int-5
                  | Dex+3}
  1856 | D:3      | Reached skill level 1 in Maces & Flails
  1947 | D:3      | Reached XP level 4. HP: 33/33 MP: 4/4
  2282 | D:4      | Noticed a scorpion
  2297 | D:4      | Killed a scorpion
  2298 | D:4      | Reached skill level 1 in Dodging
  2298 | D:4      | Reached XP level 5. HP: 9/38 MP: 5/5
  2846 | D:4      | Found a sparkling altar of Nemelex Xobeh.
  2871 | D:4      | Became a worshipper of Nemelex Xobeh the Trickster
  2915 | D:4      | Reached XP level 6. HP: 46/46 MP: 6/6
  2992 | D:5      | Entered Level 5 of the Dungeon
  3255 | D:5      | Found the +8 trident of the Octopus King {venom, rElec
                  | rPois}
  3379 | D:5      | Reached * piety under Nemelex Xobeh
  3379 | D:5      | Received a gift from Nemelex Xobeh
  3507 | D:5      | Reached XP level 7. HP: 53/53 MP: 7/7
  3553 | D:5      | Reached skill level 1 in Invocations
  3578 | D:5      | Reached skill level 5 in Maces & Flails
  3768 | D:5      | Found Vaoniw Latuj's Antique Weapon Emporium.
  3809 | D:5      | Found a runed translucent gate.
  3810 | D:5      | Found a runed translucent gate.
  3810 | D:5      | Noticed Zigma's ghost (novice OpMo)
  3811 | D:5      | Found a runed translucent gate.
  3811 | D:5      | Identified the +8 chain mail of Feextet {rPois Will+
                  | Slay+2}
  4437 | D:5      | Found a hide-covered altar of Uskayaw.
  4437 | D:5      | Found a radiant altar of Vehumet.
  4461 | D:6      | Reached skill level 2 in Invocations
  4466 | D:6      | Identified the +4 ring mail "Sus Bin" {rCorr Dex+2}
  4517 | D:6      | Reached ** piety under Nemelex Xobeh
  4544 | D:6      | Reached XP level 8. HP: 61/61 MP: 9/9
  4690 | D:6      | Reached skill level 5 in Fighting
  4697 | D:6      | Reached skill level 3 in Invocations
  4830 | D:6      | Received a gift from Nemelex Xobeh
  4830 | D:6      | Noticed Dowan
  4834 | D:6      | Killed Dowan
  4840 | D:6      | Noticed Duvessa
  4853 | D:6      | Killed Duvessa
  4861 | D:6      | Reached skill level 4 in Invocations
  5441 | D:7      | Reached XP level 9. HP: 68/68 MP: 12/12
  5788 | D:7      | Received a gift from Nemelex Xobeh
  6332 | D:7      | Reached skill level 5 in Invocations
  6705 | D:7      | Found a staircase to the Ecumenical Temple.
  6711 | Temple   | Entered the Ecumenical Temple
  6745 | D:8      | Received a gift from Nemelex Xobeh
  6755 | D:8      | Reached *** piety under Nemelex Xobeh
  6942 | D:8      | Identified the +5 demon trident of Bright Tenacity {spect,
                  | Fly rN+ Stlth+}
  6945 | D:8      | Reached skill level 6 in Invocations
  7101 | D:8      | Reached XP level 10. HP: 74/74 MP: 14/14
  7201 | D:8      | Noticed Prince Ribbit
  7228 | D:8      | Killed Prince Ribbit
  7627 | D:8      | Received a gift from Nemelex Xobeh
  8216 | D:8      | Noticed Psyche
  8221 | D:8      | Killed Psyche
  8222 | D:8      | Reached skill level 10 in Maces & Flails
  8579 | D:9      | Reached skill level 7 in Invocations
  8607 | D:9      | Reached **** piety under Nemelex Xobeh
  8661 | D:9      | Found Irisaeru's Armour Emporium.
  8666 | D:9      | Identified the +1 sling of Prudence {elec, rElec}
  8849 | D:9      | Noticed Maggie
  8854 | D:9      | Received a gift from Nemelex Xobeh
  8855 | D:9      | Killed Maggie
  9125 | D:9      | Found a shadowy altar of Dithmenos.
  9493 | D:10     | Entered Level 10 of the Dungeon
  9696 | D:10     | Found a staircase to the Lair.
  9697 | D:10     | Received a gift from Nemelex Xobeh
  9734 | D:10     | Identified the +0 robe of Senlaon {Int+7}
  9769 | D:10     | Found a shimmering altar of Xom.
  9769 | D:10     | Found an ornate altar of the Wu Jian Council.
  9769 | D:10     | Found an iron altar of Okawaru.
 10047 | D:11     | Reached ***** piety under Nemelex Xobeh
 10082 | D:11     | Noticed Harold
 10083 | D:11     | Noticed a cyclops
 10085 | D:11     | Noticed Nergalle
 10090 | D:11     | Killed Harold
 10091 | D:11     | Reached skill level 1 in Throwing
 10091 | D:11     | Reached XP level 11. HP: 57/80 MP: 16/16
 10092 | D:11     | Killed Nergalle
 10200 | D:11     | Noticed a green ugly thing
 10200 | D:11     | You fall into a shaft and drop 3 floors!
 10201 | D:14     | Noticed a tengu warrior
 10208 | D:14     | Killed a tengu warrior
 10212 | D:14     | Reached skill level 8 in Invocations
 10212 | D:14     | Noticed a tengu warrior
 10214 | D:14     | Killed a tengu warrior
 10215 | D:14     | Noticed a brown ugly thing
 10215 | D:14     | Noticed a centaur warrior
 10215 | D:14     | Noticed a tengu warrior
 10216 | D:14     | Identified the -1 hand axe of Indignation {elec, rN++ Str-5
                  | Dex+4}
 10219 | D:14     | Killed a brown ugly thing
 10222 | D:14     | Noticed a brown ugly thing
 10223 | D:14     | Killed a tengu warrior
 10224 | D:14     | Killed a centaur warrior
 10225 | D:14     | Noticed a brown ugly thing
 10226 | D:14     | Noticed a brown ugly thing
 10230 | D:14     | Killed a cyan ugly thing
 10233 | D:14     | Killed a cyan ugly thing
 10234 | D:14     | Killed a brown ugly thing
 10250 | D:14     | Received a gift from Nemelex Xobeh
 10392 | D:13     | Noticed a boulder beetle
 10400 | D:13     | a boulder beetle changed into a black bear
 10434 | D:12     | Found Zoziwobo's Assorted Antiques.
 10440 | D:12     | Noticed a two-headed ogre
 10443 | D:12     | a two-headed ogre changed into a black mamba
 10474 | D:12     | Bought a pair of glowing boots for 135 gold pieces
 10556 | D:12     | Reached XP level 12. HP: 82/89 MP: 18/18
 10687 | D:11     | Found a staircase to the Orcish Mines.
 10717 | D:11     | Upgraded the game from 0.32-a0-123-g8a9189f6be to
                  | 0.32-a0-126-g9fbf7fb75a
 10767 | D:11     | Received a gift from Nemelex Xobeh
 11137 | D:11     | Noticed a two-headed ogre
 11150 | D:11     | Killed a two-headed ogre
 11568 | D:12     | Received a gift from Nemelex Xobeh
 11605 | D:12     | Found the +8 trishula "Condemnation" {holy, anguish, *Noise
                  | Fly rN+}
 11827 | D:12     | Reached skill level 9 in Invocations
 11891 | D:12     | Noticed a centaur warrior
 12190 | D:12     | Identified the +9 trident of the Original Sin {pain, rElec
                  | rN+ Dex+2}
 12233 | D:12     | Identified the amulet of Discord {RegenMP rF+ rN+ Str+3
                  | Int+2}
 12399 | D:12     | Killed a centaur warrior
 12482 | D:12     | Found Zoziwobo's Assorted Antiques.
 12807 | D:13     | Noticed a boulder beetle
 12811 | D:13     | Noticed a centaur warrior
 12822 | D:13     | Killed a centaur warrior
 12823 | D:13     | Reached skill level 5 in Armour
 12823 | D:13     | Reached skill level 1 in Shields
 12844 | D:13     | Killed a boulder beetle
 13227 | D:13     | Reached skill level 5 in Dodging
 13408 | D:13     | Noticed a four-headed hydra
 13409 | D:13     | Banished a four-headed hydra
 13588 | D:13     | Found a gate to the Vaults.
 13685 | D:14     | Found a radiant altar of Vehumet.
 13738 | D:14     | Received a gift from Nemelex Xobeh
 13799 | D:14     | Gained mutation: You are strongly in touch with the powers
                  | of death. [Mummy growth]
 13799 | D:14     | Reached XP level 13. HP: 83/101 MP: 20/20
 14131 | D:15     | Entered Level 15 of the Dungeon
 14131 | D:15     | Received a gift from Nemelex Xobeh
 14157 | D:15     | Reached skill level 10 in Fighting
 14297 | D:15     | Reached skill level 10 in Invocations
 14545 | D:15     | Found a runed translucent gate.
 14546 | D:15     | Found a runed translucent gate.
 14547 | D:15     | Found a runed translucent gate.
 14597 | D:15     | Noticed Kurok's ghost (journeyman MiFi)
 14951 | D:15     | Found a shadowy altar of Dithmenos.
 15020 | D:15     | Reached skill level 5 in Shields
 15034 | D:15     | Reached skill level 11 in Invocations
 15460 | D:15     | Received a gift from Nemelex Xobeh
 15777 | D:15     | Found a staircase to the Depths.
 15802 | D:15     | Found Estrotimo's Jewellery Emporium.
 15977 | D:15     | Reached skill level 12 in Invocations
 16603 | D:14     | Killed Kurok's ghost
 16795 | D:15     | Identified the +2 helmet of Amelioration {rCorr Str+2
                  | Int-2}
 16810 | D:15     | Identified the +7 short sword of the Building Boar {heavy,
                  | Fly rElec rC+ Int-2}
 17138 | D:15     | Found a shadowy altar of Dithmenos.
 17208 | D:15     | Found a staircase to the Depths.
 17232 | D:15     | Found Estrotimo's Jewellery Emporium.
 17757 | D:5      | Killed Zigma's ghost
 17899 | Lair:1   | Entered Level 1 of the Lair of Beasts
 17937 | Lair:1   | Reached XP level 14. HP: 96/110 MP: 23/23
 18108 | Lair:1   | Received a gift from Nemelex Xobeh
 18122 | Lair:1   | Identified the +4 long sword "Loomioq" {freeze, Fly rElec}
 18122 | Lair:1   | You are sucked into a shaft and drop 1 floor!
 18125 | Lair:2   | Identified the +0 chain mail of Feasting {rElec}
 18218 | Lair:2   | Found a staircase to the Snake Pit.
 18333 | Lair:2   | Found a staircase to the Swamp.
 18362 | Lair:1   | Received a gift from Nemelex Xobeh
 18474 | Lair:1   | Reached skill level 13 in Invocations
 18765 | Lair:1   | Received a gift from Nemelex Xobeh
 19856 | Lair:2   | Found a staircase to the Swamp.
 20505 | Lair:3   | Received a gift from Nemelex Xobeh
 20702 | Lair:3   | Received a gift from Nemelex Xobeh
 20868 | Lair:3   | Identified the +2 robe of Indomitability {Fly rCorr}
 21110 | Lair:3   | Reached ****** piety under Nemelex Xobeh
 21312 | Lair:4   | Received a gift from Nemelex Xobeh
 22096 | Lair:4   | Received a gift from Nemelex Xobeh
 22411 | Lair:4   | Found a staircase to the Slime Pits.
 22412 | Lair:4   | Found a viscous altar of Jiyva.
 22422 | Lair:4   | Received a gift from Nemelex Xobeh
 22954 | Lair:5   | Entered Level 5 of the Lair of Beasts
 23204 | Lair:5   | Received a gift from Nemelex Xobeh
 23466 | Lair:5   | Found a broken altar of Ashenzari.
 23573 | Lair:5   | Reached skill level 5 in Evocations
 23878 | Lair:5   | Received a gift from Nemelex Xobeh
 23920 | Lair:5   | Reached XP level 15. HP: 120/120 MP: 25/25
 24068 | Lair:5   | Received a gift from Nemelex Xobeh
 24422 | Lair:5   | Received a gift from Nemelex Xobeh
 24754 | Abyss:2  | Cast into level 2 of the Abyss (hell knight)
 24975 | Abyss:2  | Killed from afar by a hell hog

Illustrated notes

Levels and vault maps discovered:
D:1:      spicycebolla_arrival_risky_transporter, layout_loops_corners,
          serial_forest, infiniplex_forest_clump_small,
          infiniplex_forest_clump_diagonal, infiniplex_forest_clump_curved,
          infiniplex_forest_straight_5, infiniplex_forest_straight_3,
          infiniplex_forest_fountain, serial_shops, shop,
          shapermc_ecumenical_altar_acropolis, hangedman_decor_push
D:2:      layout_rooms
D:3:      layout_rooms
D:4:      layout_rooms, mainiacjoe_overflow_small_starburst
D:5:      layout_layer_cave, gammafunk_temple_overflow_pools,
          biasface_ghost_orc_armoury, serial_glass, glass_columns_b,
          glass_columns_c, serial_shops, shop
D:6:      dreamdust_elfheim, layout_rooms
D:7:      layout_basic, minmay_temple_entry_fiery
D:8:      layout_gridville, minmay_ruffians, uniq_psyche, uniq_prince_ribbit1
D:9:      layout_small_grid, mainiacjoe_overflow_boulevard, serial_shops,
          nicolae_shop_temple_entry_statues_fountains, uniq_maggie
D:10:     layout_roguey, gammafunk_temple_overflow_forgotten, lair_entry_dummy
D:11:     layout_loops_ring, orc_0_dummy, uniq_nergalle, uniq_harold
D:12:     minmay_weird_star, layout_gridville, serial_shops,
          nicolae_shop_window_shopping, grunt_tough_drop
D:13:     layout_loops_ring, david_vaults_4, minmay_sticks_and_stones
D:14:     layout_rooms, vehumet_crystals
D:15:     grunt_enter_depths_magical_seal, layout_irregular_city,
          gammafunk_ghost_necromancy, nicolae_dithmenos_shadow_blocks,
          serial_shops, shop, serial_library_hellmonk_small_corner,
          hangedman_decor_clover_reticule, minmay_rotating_lava
Temple:   eino_wide_crystal_templ
Lair:1:   layout_loops_ring, beast_lair_carwin_6, lemuel_fruit_fields
Lair:2:   layout_roguey, alex1729_swamp_entry_worm_eleionoma,
          minmay_snake_entry_guardpost_small
Lair:3:   layout_cave_pods, patterned_corridor
Lair:4:   beast_lair_carwin_large_1, layout_cellular_growth, slime_entry_1,
          special_room [special_room_bee]
Lair:5:   guppyfry_lair_end_dragon, layout_gridlike, basic_altar,
          grunt_forest_small_clearing_treed
Abyss:2:  base:
D:10

Skill      XL: |  1  2  3  4  5  6  7  8  9 10 11 12 13 14 |
---------------+-------------------------------------------+-----
Stealth        | 1 |  1.5
Maces & Flails | 2 3 4 5 7 9 11 12 | 12.5
Fighting       | 2 3 4 5 6 9 10 12 | 12.3
Dodging        | 1 3 5 |  5.0
Armour         | 2 4 5 6 |  6.8
Invocations    | 2 4 6 7 8 9 12 13 | 13.6
Evocations     | 3 5 |  5.3
Throwing       | 1 2 |  2.0
Shields        | 2 5 |  5.0

Action                     |  1- 3 |  4- 6 |  7- 9 | 10-12 | 13-15 || total
---------------------------+-------+-------+-------+-------+-------++-------
  Melee: Dagger            |    85 |       |       |       |       ||    85
         Club              |    13 |       |       |       |       ||    13
         Punch             |     6 |     3 |    12 |    22 |       ||    43
         Short sword       |    18 |       |       |       |       ||    18
         Whip              |    27 |    88 |   246 |   426 |   942 ||  1729
  Throw: Stone             |       |     5 |    14 |    21 |    61 ||   101
         Dart              |       |       |       |     1 |       ||     1
 Invoke: Draw Destruction  |       |       |     7 |    21 |    45 ||    73
         Draw Summoning    |       |       |     1 |     8 |     4 ||    13
         Triple Draw       |       |       |       |     1 |     3 ||     4
         Draw Escape       |       |       |       |     3 |     4 ||     7
         Deal Four         |       |       |       |       |     4 ||     4
         Stack Five        |       |       |       |       |     1 ||     1
  Evoke: Wand              |     4 |     4 |       |    15 |    17 ||    40
    Use: Scroll            |     3 |     1 |       |     5 |     6 ||    15
   Stab: Sleeping          |     2 |       |     2 |       |       ||     4
         Distracted        |       |       |       |       |     2 ||     2
         Betrayed ally     |       |       |       |       |     2 ||     2
 Armour: Leather armour    |    77 |    11 |       |       |       ||    88
         Scale mail        |       |    44 |    16 |       |       ||    60
         Ring mail         |       |       |   139 |   202 |    66 ||   407
         Gold dragon scale |       |       |       |       |    45 ||    45
         Chain mail        |       |       |       |       |   409 ||   409
  Dodge: Dodged            |    71 |    40 |   135 |   155 |   278 ||   679
  Block: Buckler           |       |       |       |    20 |   164 ||   184

Table legend: (Time is in decaauts)
 A = Elapsed time spent in this place.
 B = Non-inter-level travel time spent in this place.
 C = Inter-level travel time spent in this place.
 D = Time resting spent in this place.
 E = Time spent auto-exploring this place.
 F = Levels seen in this place.
 G = Mean time per level.
                   A        B        C        D        E       F      G
               +--------+--------+--------+--------+--------+-----+--------+
         Total |  24285 |  22945 |   1340 |    905 |  17482 |  22 | 1103.9 |
       Dungeon |  17678 |  16726 |    952 |    787 |  12474 |  15 | 1178.5 |
        Temple |      1 |      1 |      0 |      0 |      0 |   1 |    1.0 |
          Lair |   6400 |   6013 |    387 |     40 |   5008 |   5 | 1280.0 |
         Abyss |    204 |    204 |      0 |     78 |      0 |   1 |  204.0 |
               +--------+--------+--------+--------+--------+-----+--------+

Top non-repeatable levels by time:
    D:15: 3160 daAuts
     D:8: 1779 daAuts
     D:5: 1719 daAuts
  Lair:4: 1643 daAuts
     D:7: 1566 daAuts
    D:12: 1479 daAuts
  Lair:5: 1413 daAuts
     D:1: 1412 daAuts
  Lair:2: 1334 daAuts
    D:13: 1135 daAuts
  Lair:1: 1063 daAuts
  Lair:3: 946 daAuts
    D:11: 940 daAuts
     D:9: 905 daAuts
    D:14: 782 daAuts
